 Dungeon Crawl Stone Soup version 0.20-a0-1065-g8446734 (webtiles) character file.

124 galech the Skirmisher (level 5, 0/55 HPs)
             Began as an Ogre Berserker on Apr 28, 2017.
             Was a Believer of Trog.
             Killed from afar by Natasha (8 damage)
             ... with a magic dart
             ... on level 3 of the Dungeon.
             The game lasted 00:04:32 (1725 turns).

galech the Skirmisher (Ogre Berserker)              Turns: 1725, Time: 00:04:33

Health: 0/55       AC:  3    Str: 22    XL:     5   Next: 8%
Magic:  5/5        EV: 10    Int:  8    God:    Trog [**....]
Gold:   112        SH:  0    Dex:  8    Spells: 4/4 levels left

rFire    . . .     SeeInvis .   a - +0 mace
rCold    . . .     Gourm    .   (no shield)
rNeg     . . .     Faith    .   b - +0 animal skin
rPois    .         Spirit   .   (helmet restricted)
rElec    .         Reflect  .   (no cloak)
rCorr    .         Harm     .   (gloves unavailable)
MR       .....                  (boots unavailable)
Stlth    +.........             (no amulet)
Regen    0.2/turn               (no ring)
MPRegen  0.1/turn               (no ring)

@: slowed, very slow
A: unfitting armour, tough skin 1
a: Berserk, Trog's Hand, Burn Spellbooks, Renounce Religion


You were on level 3 of the Dungeon.
You worshipped Trog.
Trog was pleased with you.
You were not hungry.

You visited 1 branch of the dungeon, and saw 3 of its levels.

You collected 112 gold pieces.

Inventory:

Hand Weapons
 a - a +0 mace (weapon)
Armour
 b - a +0 animal skin (worn)
Scrolls
 f - a scroll of remove curse {unknown}
 h - 2 scrolls of enchant armour {unknown}
 j - a scroll of magic mapping {unknown}
 k - 3 scrolls of teleportation {unknown}
 l - a scroll of identify {unknown}
 n - a scroll of blinking {unknown}
Potions
 e - 2 potions of lignification {unknown}
 g - a potion of heal wounds {unknown}
 i - 2 potions of flight {unknown}
Comestibles
 c - 2 bread rations
 d - a meat ration
 m - a fruit


   Skills:
 + Level 4.9 Fighting
 + Level 4.0 Maces & Flails
 + Level 3.5 Dodging
 + Level 0.2 Stealth


You had 4 spell levels left.
You didn't know any spells.

Dungeon Overview and Level Annotations

Branches:
Dungeon (3/15)

Altars:
Ashenzari
Nemelex Xobeh

Annotations:
D:3 Natasha


Innate Abilities, Weirdness & Mutations

You are too large for most types of armour.
You have tough skin. (AC +1)


Message History

Natasha opens the door.
Natasha hisses angrily.
Natasha zaps a wand.
The puff of flame hits you!
It is a wand of flame (?/48) {zapped: 6}.
Natasha claws you.
Found a sparkling altar of Nemelex Xobeh.
Okay, then.
You're still recovering from your berserk rage.
You closely miss Natasha.
Your skin stops crawling.
You feel less resistant to hostile enchantments.
Natasha drinks a potion.
Natasha seems to grow stronger.
You barely miss Natasha. Natasha claws you!
* * * LOW HITPOINT WARNING * * *
Natasha barely misses you.
You closely miss Natasha.
Natasha zaps a wand.
The puff of flame hits you!
* * * LOW HITPOINT WARNING * * *
Natasha stares at you and mumbles some strange words.
The magic dart hits you!
You die...

#....##.# .....
#....##.# #####
#....##.# #....##>#
#....##.# #....##.#
#.###.###.#########.#
#........รท..........#
#####..##.#@.########
.........h.......
#####...###'###...
....^# .# # ......# .#
....(.# _. #####.## .#
.#


You could see Natasha.

Vanquished Creatures
  Natasha (twice) (D:3)
  An adder (D:2)
  An ooze (D:1)
  A worm (D:2)
  2 dart slugs
  A leopard gecko (D:2)
  An orc (D:3)
  10 bats
  2 giant cockroaches
  10 goblins
  4 hobgoblins
  3 jackals (D:2)
  A ball python (D:2)
  3 frilled lizards (D:1)
  5 kobolds
  6 rats
53 creatures vanquished.

Notes
Turn   | Place    | Note
-------+----------+-------------------------------------------
     0 | D:1      | galech the Ogre Berserker began the quest for the Orb.
     0 | D:1      | Reached XP level 1. HP: 24/24 MP: 1/1
   100 | D:1      | Reached XP level 2. HP: 19/32 MP: 2/2
   584 | D:1      | Reached XP level 3. HP: 39/40 MP: 3/3
   704 | D:1      | Reached ** piety under Trog
   852 | D:2      | Found a shattered altar of Ashenzari.
   991 | D:2      | Reached XP level 4. HP: 49/49 MP: 4/4
  1611 | D:3      | Noticed Natasha
  1625 | D:3      | HP: 2/73 [Natasha (9)]
  1626 | D:3      | Killed Natasha
  1702 | D:3      | Noticed Natasha
  1712 | D:3      | Killed Natasha
  1712 | D:3      | Reached XP level 5. HP: 28/55 MP: 5/5
  1721 | D:3      | Noticed Natasha
  1722 | D:3      | Found a sparkling altar of Nemelex Xobeh.
  1725 | D:3      | Killed from afar by Natasha

Vault maps used:
D:1:      dpeg_arrival_arbitrary_c, minmay_fountain_box, minmay_tromino_v7
D:2:      ashenzari_conservatory_becter, hangedman_abyss_or_decor_lesser_grid
D:3:      lemuel_doored_altar, lightli_temple_of_fire, uniq_natasha

Skill      XL: |  1  2  3  4 |
---------------+-------------+-----
Maces & Flails | 3 4 |  4.0
Dodging        | 3 |  3.5
Fighting       | |  4.9
Stealth        | |  0.2

Action                   |  1- 3 |  4- 6 || total
-------------------------+-------+-------++-------
Melee: Mace              |   122 |    46 ||   168
Invok: Berserk           |       |     2 ||     2
       Trog's Hand       |       |     2 ||     2
  Eat: Chunk             |     1 |     3 ||     4
       Fruit             |       |     1 ||     1
Armor: Animal skin       |    37 |    14 ||    51
Dodge: Dodged            |   101 |    40 ||   141
